 Dungeon Crawl Stone Soup version 0.30-a0-918-g0ff054e9dc (webtiles) character file.

Game seed: 17784378008905115044

56 NotreDorf the Ducker (level 3, -11/24 HPs)
             Began as a Merfolk Hedge Wizard on Mar 20, 2023.
             Killed by divine providence
             ... invoked by an orc priest
              (16 damage)
             ... on level 3 of the Dungeon.
             The game lasted 00:09:19 (1760 turns).

NotreDorf the Ducker (Merfolk Hedge Wizard)         Turns: 1760, Time: 00:09:22

Health: -11/24     AC:  3    Str: 10    XL:     3   Next: 97%
Magic:  3/16       EV: 13    Int: 15    God:
Gold:   156        SH:  0    Dex: 13    Spells: 2/8 levels left

rFire   . . .      SeeInvis .    a - +0 dagger
rCold   . . .      Faith    .    (no shield)
rNeg    . . .      Spirit   .    b - +0 robe
rPois   .          Reflect  .    c - +0 hat
rElec   .          Rampage  .    (no cloak)
rCorr   .                        n - +0 pair of gloves
Will    .....                    (no boots)
Stlth   ++                       (no amulet)
HPRegen 0.24/turn                f - ring of magical power
MPRegen 0.15/turn                (no ring)

@: very slightly contaminated
A: (nimble swimmer 2), mertail
a: no special abilities


You were on level 3 of the Dungeon.
You visited 1 branch of the dungeon, and saw 3 of its levels.

You collected 156 gold pieces.

Inventory:

Hand Weapons
 a - a +0 dagger (weapon)
Armour
 b - a +0 robe (worn)
 c - a +0 hat (worn)
 m - a +0 buckler
 n - a +0 pair of gloves (worn)
Jewellery
 f - a ring of magical power (left hand)
Wands
 o - a wand of paralysis (9)
Scrolls
 e - a scroll of torment {unknown}
 g - 3 scrolls of teleportation {unknown}
 i - a scroll of enchant weapon {unknown}
 k - a scroll of blinking {unknown}
 l - a scroll of poison {unknown}
 q - a scroll of identify {unknown}
 r - 2 scrolls of fear {unknown}
Potions
 d - a potion of magic
 h - 2 potions of might {unknown}
 j - a potion of brilliance {unknown}
 p - a potion of lignification {unknown}
 s - a potion of mutation {unknown}


   Skills:
 + Level 3.7 Dodging
 - Level 2.8 Stealth
 + Level 3.4 Spellcasting
 + Level 1.3 Conjurations
 - Level 1.0 Summonings
 - Level 0.7 Translocations
 + Level 0.6 Poison Magic


You had 2 spell levels left.
You knew the following spells:

 Your Spells              Type           Power      Damage    Failure   Level
a - Magic Dart            Conj           24%        1d4       11%         1
b - Blink                 Tloc           8%         N/A       22%         2
c - Mephitic Cloud        Conj/Pois/Air  4%         N/A       41%         3

Your spell library contained the following spells:

 Spells                   Type           Power      Damage    Failure   Level
 Slow                     Hex            8%         N/A       19%         1
 Call Imp                 Summ           5%         N/A       19%         2
 Cigotuvi's Dreadful Rot  Necr/Pois/Air  6%         N/A       26%         2
 Sublimation of Blood     Necr           2%         N/A       28%         2
 Wereblood                Tmut           2%         N/A       28%         2
 Summon Hydra             Summ           2%         N/A       100%        7


Dungeon Overview and Level Annotations

Branches:
Dungeon (3/15)

Altars:
Uskayaw

Annotations:
D:2 Sigmund


Innate Abilities, Weirdness & Mutations

((You are very nimble when in or above water. (Stealth+, EV+, Speed+++)))
Your lower body shifts to a powerful aquatic tail in water.


Message History

Press: ? - help, Q - select action, (/) - cycle Shift-Dir - straight line, f/p - orc priest
Aim: an orc priest, wielding a +0 whip (heavily wounded, 100% to hit)
The magic dart hits the orc priest.
The orc priest is severely wounded.
The orc priest looks braver for a moment.
Aiming: Magic Dart (safe; 11% risk of failure)
Press: ? - help, Q - select action, (/) - cycle Shift-Dir - straight line, f/p - orc priest
Aim: an orc priest, wielding a +0 whip (severely wounded, 100% to hit)
The magic dart hits the orc priest.
The orc priest is almost dead.
The orc priest barely misses you. The orc hits you but does no damage.
Aiming: Magic Dart (safe; 11% risk of failure)
Press: ? - help, Q - select action, (/) - cycle Shift-Dir - straight line, f/p - orc priest
Aim: an orc priest, wielding a +0 whip (almost dead, 100% to hit)
You miscast Magic Dart.
Nothing appears to happen.
The orc priest shouts!
You hear a shout!
The orc priest looks braver for a moment.
The orc hits you but does no damage.
Aiming: Magic Dart (safe; 11% risk of failure)
Press: ? - help, Q - select action, (/) - cycle Shift-Dir - straight line, f/p - orc priest
Aim: an orc priest, wielding a +0 whip (almost dead, 100% to hit)
The magic dart hits the orc priest.
The orc priest is almost dead.
The orc priest hits you with a +0 whip. The orc barely misses you.
Casting: Magic Dart (safe; 11% risk of failure)
Confirm with . or Enter, or press ? or * to list all spells.
The spell is astonishingly dangerous to miscast (41% risk of failure)!
Continue anyway?
Aiming: Mephitic Cloud (astonishingly dangerous; 41% risk of failure)
Press: ? - help, Shift-Dir - straight line, f/p - orc priest
Aim: an orc priest, wielding a +0 whip (almost dead, chance to affect: 86%) That beam is likely to hit you.
Continue anyway?
You miscast Mephitic Cloud.
Nothing appears to happen.
The orc priest looks satisfied for a moment.
The orc hits you with a +0 hand axe.
* * * LOW HITPOINT WARNING * * *
The orc priest mumbles some strange prayers to Beogh against you.
Beogh smites you!
Ouch! That really hurt!
You die...

≈≈≈≈≈...≈≈≈§..#
...≈≈≈≈§≈.....#
...§.§≈§....§.#
≈§≈......≈§≈≈.###### #
.§≈≈§...≈§≈.......... .o
#§§.§≈≈≈≈...#.#####..
o.. #.....§...###.# .8.#
##.#.########.######.o)#
#...## .......@oo...#
##...## .###.###o#..##
#.....# #.# #.# #
.##...## #.###.##.+
#.##.####.# #........#
#........# #........#
#.##.###### #.###.##..#
. ##'## #.# #.# ...#
##...## #.##..##..8.#


You could see 2 orc priests and 2 orcs.

Vanquished Creatures
  2 dart slugs (D:1)
  An orc (D:3)
  5 endoplasms
  2 giant cockroaches
  2 goblins
  3 hobgoblins (D:1)
  12 jackals
  4 ball pythons
  6 bats
  2 frilled lizards
  2 kobolds
  4 rats
45 creatures vanquished.

Notes
Turn   | Place    | Note
-------+----------+-------------------------------------------
     0 | D:1      | NotreDorf the Merfolk Hedge Wizard began the quest for the
                  | Orb.
     0 | D:1      | Reached XP level 1. HP: 13/13 MP: 4/4
   130 | D:1      | Reached XP level 2. HP: 12/19 MP: 3/6
   522 | D:1      | Reached skill level 1 in Conjurations
   591 | D:1      | Reached XP level 3. HP: 24/24 MP: 0/7
   988 | D:1      | Learned a level 2 spell: Blink
   992 | D:1      | Learned a level 3 spell: Mephitic Cloud
  1015 | D:2      | Noticed Sigmund
  1684 | D:3      | Found a hide-covered altar of Uskayaw.
  1760 | D:3      | Killed from afar by an orc priest

Illustrated notes

Levels and vault maps discovered:
D:1:      dpeg_arrival_short_road, layout_basic
D:2:      layout_basic, uniq_sigmund
D:3:      layout_loops_corners, grunt_temple_overflow_champion_of_chaos,
          mainiacjoe_overflow_catch_the_wave, nicolae_overflow_ecumenical_swirl,
          chequers_decorated_corner, corexii_corridor_pit, nicolae_half_adder,
          uniq_ijyb

Skill      XL: |  1  2 |
---------------+-------+-----
Dodging        | 3 |  3.7
Conjurations   | 1 |  1.3
Stealth        | |  2.8
Spellcasting   | |  3.4
Summonings     | |  1.0
Translocations | |  0.7
Poison Magic   | |  0.6

Action                     || total
---------------------------++-------
  Melee: Dagger            ||    61
         Punch             ||     2
   Cast: Magic Dart        ||   115
 Armour: Robe              ||    22
  Dodge: Dodged            ||    75

Table legend: (Time is in decaauts)
 A = Elapsed time spent in this place.
 B = Non-inter-level travel time spent in this place.
 C = Inter-level travel time spent in this place.
 D = Time resting spent in this place.
 E = Time spent auto-exploring this place.
 F = Levels seen in this place.
 G = Mean time per level.
                   A        B        C        D        E       F      G
               +--------+--------+--------+--------+--------+-----+--------+
         Total |   1759 |   1699 |     60 |    240 |    993 |   3 |  586.3 |
       Dungeon |   1759 |   1699 |     60 |    240 |    993 |   3 |  586.3 |
               +--------+--------+--------+--------+--------+-----+--------+

Top non-repeatable levels by time:
     D:1: 1058 daAuts
     D:2: 604 daAuts
     D:3: 96 daAuts
